 Dungeon Sprint DCSS version 0.32-a0-450-g080537f31e (webtiles) character file.

Game seed: 16181496898485998677

5600000 adelrune the Ninja (level 21, -34/142 HPs)
             Began as a Spriggan Warper on Feb 23, 2024.
             Was the Champion of Makhleb.
             Annihilated by a meat berserker
             ... wielding a +9 battleaxe
              (57 damage)
             ... in the Dungeon (Sprint VIII: "Arena of Blood").
             The game lasted 00:02:15 (56 turns).

adelrune the Ninja (Spriggan Warper)                  Turns: 56, Time: 00:02:15

Health: -34/142    AC:  2    Str:  7    XL:     21   Next: 38%
Magic:  14/53      EV: 47    Int: 16    God:    Makhleb [******]
Gold:   0          SH:  0    Dex: 24    Spells: 74/74 levels left

rFire   . . .        j - +∞ Axe of Woe
rCold   . . .        (shield currently unavailable)
rNeg    . . .        b - +0 robe
rPois   .            (helmet restricted)
rElec   .            (no cloak)
rCorr   .            (gloves unavailable)
SInv    +            (boots unavailable)
Will    +++..        (no amulet)
Stlth   ++++++++++   (no ring)
HPRegen 0.43/turn    (no ring)
MPRegen 0.33/turn

%: no teleportation
@: very quick
A: very small, no large weapons, unfitting armour, see invisible, speed 3
a: Renounce Religion, Minor Destruction, Lesser Servant of Makhleb, Major
Destruction, Greater Servant of Makhleb


You were in the Dungeon.
You worshipped Makhleb.
Makhleb was exalted by your worship.
You visited 1 branch

Inventory:

Hand Weapons
 a - a +0 hand axe
 j - the +∞ Axe of Woe (weapon)
   (You found it in the Dungeon)
Missiles
 d - 7 darts of dispersal (quivered)
Armour
 b - a +0 robe (worn)
Scrolls
 c - 2 scrolls of blinking
Potions
 e - a potion of curing
 f - a potion of heal wounds
 g - a potion of haste
 h - 2 potions of magic
 i - a potion of berserk rage


   Skills:
 O Level 27 Fighting
 + Level 12.1(14.2) Short Blades
 + Level 9.4(11.1) Long Blades
 O Level 27 Axes
 + Level 8.6(19.1) Maces & Flails
 + Level 8.6(19.1) Polearms
 + Level 8.6(11.5) Staves
 + Level 11.1 Ranged Weapons
 O Level 27 Throwing
 + Level 8.6 Armour
 O Level 27 Dodging
 O Level 27 Stealth
 + Level 8.6 Shields
 + Level 9.4 Unarmed Combat
 O Level 27 Spellcasting
 + Level 8.6 Conjurations
 + Level 13.1 Hexes
 + Level 9.4 Summonings
 + Level 10.2 Necromancy
 O Level 27 Translocations
 + Level 9.4 Fire Magic
 + Level 9.4 Ice Magic
 + Level 10.2 Air Magic
 + Level 10.2 Earth Magic
 + Level 12.1 Alchemy
 O Level 27 Invocations
 + Level 14.2 Evocations
 + Level 13.1 Shapeshifting


You had 74 spell levels left.
You didn't know any spells.
Your spell library contained the following spells:

 Spells                   Type           Power      Damage    Failure   Level
 Blink                    Tloc           100%       N/A       0%          2
 Lesser Beckoning         Tloc           100%       N/A       0%          2
 Teleport Other           Tloc           82%        N/A       0%          3
 Manifold Assault         Tloc           82%        N/A       0%          4
 Vhi's Electric Charge    Tloc/Air       100%       N/A       0%          4


Dungeon Overview and Level Annotations

Branches:
Dungeon (1/1)

Altars:
Makhleb


Innate Abilities, Weirdness & Mutations

You are very small and have problems with some larger weapons.
You are too small for most types of armour.
You have supernaturally acute eyesight. (SInv)
You cover ground extremely quickly. (Speed+++)


Message History

Your Alchemy skill increases to level 12!
Your Evocations skill increases to level 14!
Your Shapeshifting skill increases to level 13!
The bag of meat shouts! x2
You hit the sculptor of flesh but do no damage.
You hew the sculptor of flesh violently.
You destroy the sculptor of flesh!
Makhleb accepts your kill.
You feel better.
You slash the bag of meat!
You cleave the bag of meat in twain.
You kill the bag of meat!
Makhleb accepts your kill.
You feel better.
You hear a shout! x2
The meat berserker is engulfed in blazing flames.
The accursed points at you and mumbles some strange words.
Something smites you!
The eight-headed meat hydra calls on the powers of darkness!
The eight-headed meat hydra convulses!
The bag of meat convulses!
The large bag of meat convulses!
Flame seeps out of the large bag of meat.
The bag of meat convulses!
The meat berserker convulses!
The bag of meat convulses! x3; The large bag of meat convulses!
Flame seeps out of the large bag of meat.
The bag of meat convulses! x4; The meat berserker convulses!
The bag of meat convulses!
The meat berserker convulses! x2
Your body is wracked with pain!
A bag of meat comes into view. It is wielding a +9 war axe.
The meat berserker rages.
The eight-headed meat hydra calls on the powers of darkness!
The eight-headed meat hydra convulses!
The bag of meat convulses! x3
The meat berserker convulses! x2; Your body is wracked with pain!
* * * LOW HITPOINT WARNING * * *
The meat berserker convulses!
The bag of meat convulses! x4
A bag of meat comes into view. It is wielding a +9 war axe.
The sculptor of flesh is engulfed in blazing flames.
The large bag of meat is engulfed in blazing flames.
A bag of meat comes into view. It is wielding a +9 war axe. x3
The meat berserker hits you with a +9 battleaxe!!!
You die... ...o○.oooo... .DoOooO....

...o.oOoO..
..oooVM....
#.oV....# ..
#.......# ..
...###.)...OO###...
.......)###@)zzM...
#.....)))_o))..o...
......#)D))o#§o.o..
......#_☼<)_#o..o..
....○ #Oz).O# ..V..
#.....§§§_.§....O..
..oo.§)§###........
...###... ...###...
V #... ...#


You could see 2 accurseds, 2 eight-headed meat hydras, 3 destroyers, 3 sculptors
of flesh, 2 large bags of meat, 7 meat berserkers and 22 bags of meat.

Vanquished Creatures
  6 vampire knights (D)
  11 ogres (D)
  A two-headed ogre (D)
  A lich (D)
  30 orcs (D)
  A skeletal warrior (D)
50 creatures vanquished.

Vanquished Creatures (others)
  A two-headed ogre (D)
  3 orcs (D)
4 creatures vanquished.

Grand Total: 54 creatures vanquished

Notes
Turn   | Place    | Note
-------+----------+-------------------------------------------
     0 | D        | Found the +∞ Axe of Woe
     0 | D        | adelrune the Spriggan Warper began the quest for the Orb.
     0 | D        | Reached XP level 1. HP: 10/10 MP: 5/5
     2 | D        | Noticed a bag of meat
     3 | D        | Noticed a meat berserker
     3 | D        | Noticed a bag of meat
     5 | D        | Became a worshipper of Makhleb the Destroyer
     7 | D        | Noticed a bag of meat
     8 | D        | Noticed a meat berserker
     8 | D        | Noticed a bag of meat
     9 | D        | Killed a bag of meat
     9 | D        | Noticed a bag of meat
    10 | D        | Reached skill level 10 in Axes
    10 | D        | Reached skill level 10 in Spellcasting
    10 | D        | Reached XP level 2. HP: 22/22 MP: 5/14
    10 | D        | Reached XP level 3. HP: 25/25 MP: 5/16
    10 | D        | Reached XP level 4. HP: 30/30 MP: 5/17
    10 | D        | Reached XP level 5. HP: 34/34 MP: 5/19
    10 | D        | Reached XP level 6. HP: 39/39 MP: 5/20
    10 | D        | Reached XP level 7. HP: 42/42 MP: 5/22
    10 | D        | Reached XP level 8. HP: 47/47 MP: 5/23
    10 | D        | Reached XP level 9. HP: 51/51 MP: 5/24
    10 | D        | Reached XP level 10. HP: 56/56 MP: 5/25
    10 | D        | Killed a meat berserker
    10 | D        | Reached * piety under Makhleb
    10 | D        | Noticed a bag of meat
    10 | D        | Noticed a bag of meat
    11 | D        | Reached skill level 10 in Fighting
    11 | D        | Reached XP level 11. HP: 63/63 MP: 5/29
    11 | D        | Reached XP level 12. HP: 67/67 MP: 5/30
    11 | D        | Killed a meat berserker
    11 | D        | Noticed a bag of meat
    11 | D        | Noticed a bag of meat
    11 | D        | Noticed a meat berserker
    12 | D        | Reached skill level 15 in Spellcasting
    12 | D        | Reached XP level 13. HP: 74/74 MP: 5/33
    12 | D        | Killed a bag of meat
    12 | D        | Noticed a meat berserker
    12 | D        | Noticed a bag of meat
    13 | D        | Reached skill level 15 in Axes
    13 | D        | Noticed a bag of meat
    14 | D        | Noticed a meat berserker
    15 | D        | Killed a bag of meat
    15 | D        | Reached ** piety under Makhleb
    15 | D        | Noticed a bag of meat
    16 | D        | Reached skill level 27 in Stealth
    16 | D        | Reached XP level 14. HP: 80/80 MP: 6/35
    16 | D        | Noticed a bag of meat
    17 | D        | Killed a bag of meat
    17 | D        | Killed a bag of meat
    17 | D        | Noticed a bag of meat
    18 | D        | Noticed a bag of meat
    18 | D        | Noticed a meat berserker
    18 | D        | Noticed a meat berserker
    19 | D        | Noticed a bag of meat
    19 | D        | Killed a meat berserker
    19 | D        | Reached *** piety under Makhleb
    20 | D        | Reached skill level 15 in Throwing
    20 | D        | Reached XP level 15. HP: 88/88 MP: 6/38
    20 | D        | Noticed a meat berserker
    23 | D        | Reached skill level 15 in Fighting
    23 | D        | Reached **** piety under Makhleb
    23 | D        | Killed a meat berserker
    23 | D        | Killed a meat berserker
    23 | D        | Reached ***** piety under Makhleb
    24 | D        | Reached XP level 16. HP: 98/98 MP: 7/43
    24 | D        | Killed a meat berserker
    25 | D        | Reached skill level 27 in Translocations
    25 | D        | Reached XP level 17. HP: 105/105 MP: 7/46
    25 | D        | Killed a meat berserker
    27 | D        | Reached skill level 27 in Dodging
    27 | D        | Killed a meat berserker
    27 | D        | Reached ****** piety under Makhleb
    28 | D        | Reached skill level 27 in Axes
    28 | D        | Reached skill level 27 in Spellcasting
    28 | D        | Reached XP level 18. HP: 114/114 MP: 8/50
    28 | D        | Noticed a destroyer
    28 | D        | Noticed a meat berserker
    30 | D        | Noticed an eight-headed meat hydra
    30 | D        | Noticed a meat berserker
    30 | D        | Noticed a meat berserker
    34 | D        | Reached skill level 27 in Throwing
    35 | D        | Killed a destroyer
    36 | D        | Reached skill level 27 in Fighting
    37 | D        | Killed a meat berserker
    37 | D        | Noticed a large bag of meat
    38 | D        | Reached XP level 19. HP: 122/132 MP: 10/51
    38 | D        | Noticed a destroyer
    38 | D        | Killed a meat berserker
    38 | D        | Noticed a destroyer
    39 | D        | Killed a meat berserker
    40 | D        | Reached skill level 27 in Invocations
    40 | D        | Reached skill level 1 in Long Blades
    40 | D        | Reached skill level 1 in Maces & Flails
    40 | D        | Reached skill level 1 in Polearms
    40 | D        | Reached skill level 1 in Staves
    40 | D        | Reached skill level 1 in Armour
    40 | D        | Reached skill level 1 in Shields
    40 | D        | Reached skill level 1 in Unarmed Combat
    40 | D        | Reached skill level 1 in Conjurations
    40 | D        | Reached skill level 1 in Summonings
    40 | D        | Reached skill level 1 in Necromancy
    40 | D        | Reached skill level 1 in Fire Magic
    40 | D        | Reached skill level 1 in Ice Magic
    40 | D        | Reached skill level 1 in Air Magic
    40 | D        | Reached skill level 1 in Earth Magic
    40 | D        | Killed a destroyer
    40 | D        | Noticed a destroyer
    41 | D        | Reached skill level 5 in Hexes
    41 | D        | Reached skill level 5 in Evocations
    41 | D        | Reached skill level 5 in Shapeshifting
    42 | D        | Reached skill level 5 in Short Blades
    42 | D        | Reached skill level 5 in Ranged Weapons
    42 | D        | Reached skill level 5 in Alchemy
    43 | D        | Reached skill level 5 in Necromancy
    43 | D        | Reached skill level 5 in Air Magic
    43 | D        | Reached skill level 5 in Earth Magic
    43 | D        | Reached XP level 20. HP: 137/137 MP: 11/52
    44 | D        | Noticed a destroyer
    44 | D        | Killed a destroyer
    44 | D        | Noticed a destroyer
    45 | D        | Reached skill level 5 in Long Blades
    45 | D        | Reached skill level 5 in Maces & Flails
    45 | D        | Reached skill level 5 in Polearms
    45 | D        | Reached skill level 5 in Staves
    45 | D        | Reached skill level 5 in Armour
    45 | D        | Reached skill level 5 in Shields
    45 | D        | Reached skill level 5 in Unarmed Combat
    45 | D        | Reached skill level 5 in Conjurations
    45 | D        | Reached skill level 5 in Summonings
    45 | D        | Reached skill level 5 in Fire Magic
    45 | D        | Reached skill level 5 in Ice Magic
    45 | D        | Killed a large bag of meat
    46 | D        | Reached skill level 10 in Evocations
    47 | D        | Killed a destroyer
    47 | D        | Noticed a destroyer
    48 | D        | Reached skill level 10 in Hexes
    48 | D        | Reached skill level 10 in Shapeshifting
    48 | D        | Noticed a large bag of meat
    49 | D        | Noticed a meat berserker
    50 | D        | Noticed an eight-headed meat hydra
    51 | D        | Noticed a meat berserker
    51 | D        | Noticed a destroyer
    51 | D        | Noticed an accursed
    51 | D        | Noticed a meat berserker
    52 | D        | Noticed an accursed
    52 | D        | Killed a destroyer
    53 | D        | Reached skill level 10 in Short Blades
    53 | D        | Reached skill level 10 in Alchemy
    53 | D        | Reached XP level 21. HP: 43/142 MP: 13/53
    53 | D        | Killed a destroyer
    53 | D        | Killed a large bag of meat
    54 | D        | Reached skill level 10 in Ranged Weapons
    54 | D        | Noticed a destroyer
    54 | D        | Noticed a destroyer
    54 | D        | Noticed a large bag of meat
    55 | D        | Noticed a tyrant
    55 | D        | Killed a tyrant
    55 | D        | Noticed a large bag of meat
    56 | D        | Reached skill level 10 in Necromancy
    56 | D        | Reached skill level 10 in Air Magic
    56 | D        | Reached skill level 10 in Earth Magic
    56 | D        | Annihilated by a meat berserker

Illustrated notes

Levels and vault maps discovered:
D:        meatsprint

Skill      XL: |  1  2  3  4  5  6  7  8  9 10 11 12 13 14 15 16 17 18 19 20 21 |
---------------+----------------------------------------------------------------+-----
Fighting       | 7 10 11 12 14 17 18 20 27 | 27.0
Axes           | 10 13 14 16 18 22 24 27 | 27.0
Throwing       | 8 11 12 13 15 19 20 23 27 | 27.0
Dodging        | 11 14 16 17 20 24 25 27 | 27.0
Stealth        | 18 22 25 27 | 27.0
Spellcasting   | 10 13 15 16 18 22 24 27 | 27.0
Translocations | 13 16 17 19 22 26 27 | 27.0
Invocations    | 18 27 | 27.0
Short Blades   | 6 10 12 | 12.1
Long Blades    | 4 8 9 |  9.4
Maces & Flails | 4 7 8 |  8.6
Polearms       | 4 7 8 |  8.6
Staves         | 4 7 8 |  8.6
Ranged Weapons | 5 9 11 | 11.1
Armour         | 4 7 8 |  8.6
Shields        | 4 7 8 |  8.6
Unarmed Combat | 4 8 9 |  9.4
Conjurations   | 4 7 8 |  8.6
Hexes          | 6 11 13 | 13.1
Summonings     | 4 8 9 |  9.4
Necromancy     | 5 9 10 | 10.2
Fire Magic     | 4 8 9 |  9.4
Ice Magic      | 4 8 9 |  9.4
Air Magic      | 5 9 10 | 10.2
Earth Magic    | 5 9 10 | 10.2
Alchemy        | 6 10 12 | 12.1
Evocations     | 7 12 14 | 14.2
Shapeshifting  | 6 11 13 | 13.1

Action                     |  1- 3 |  4- 6 |  7- 9 | 10-12 | 13-15 | 16-18 | 19-21 || total
---------------------------+-------+-------+-------+-------+-------+-------+-------++-------
  Melee: Broad axe         |     1 |       |       |     2 |     7 |     9 |    14 ||    33
   Stab: Distracted        |       |       |       |       |       |       |     1 ||     1
 Armour: Robe              |       |       |       |       |       |     1 |     7 ||     8
  Dodge: Dodged            |       |       |       |       |     1 |       |       ||     1

Table legend: (Time is in decaauts)
 A = Elapsed time spent in this place.
 B = Non-inter-level travel time spent in this place.
 C = Inter-level travel time spent in this place.
 D = Time resting spent in this place.
 E = Time spent auto-exploring this place.
 F = Levels seen in this place.
 G = Mean time per level.
                   A        B        C        D        E       F      G
               +--------+--------+--------+--------+--------+-----+--------+
         Total |     39 |     39 |      0 |      0 |      0 |   1 |   39.0 |
       Dungeon |     39 |     39 |      0 |      0 |      0 |   1 |   39.0 |
               +--------+--------+--------+--------+--------+-----+--------+

Top non-repeatable levels by time:
       D: 39 daAuts
